 Dungeon Crawl Stone Soup version 0.26-a0-835-g8259106e14 (webtiles) character file.

Game seed: 429184390976401763

80668 Kinoniko the Dancer (level 16, -5/119 HPs)
             Began as a Kobold Fighter on Nov 17, 2020.
             Was a Priest of Uskayaw.
             Killed from afar by an orc sorcerer (9 damage)
             ... with a bolt of fire
             ... on level 2 of the Orcish Mines.
             The game lasted 00:35:50 (26550 turns).

Kinoniko the Dancer (Kobold Fighter)               Turns: 26550, Time: 00:35:50

Health: -5/119     AC: 14    Str: 25    XL:     16   Next: 15%
Magic:  27/27      EV: 18    Int: 13    God:    Uskayaw [***...]
Gold:   1627       SH:  8    Dex: 21    Spells: 15/15 levels left

rFire    . . .     SeeInvis .   g - +4 rapier (drain)
rCold    . . .     Faith    .   y - +0 buckler
rNeg     . . .     Spirit   .   r - +2 chain mail
rPois    .         Reflect  .   (no helmet)
rElec    .         Harm     .   U - +1 cloak {Stlth+}
rCorr    +         Rampage  .   n - -3 pair of gloves of the Blind Marksman {rCorr Str+7}
MR       ++...     Rnd*Rage +   F - +1 pair of boots
Stlth    +++.......             Q - amulet of Vitality {Regen+ HP+15}
HPRegen  0.69/turn              M - +6 ring of dexterity
MPRegen  0.20/turn              R - ring of protection from magic

@: drained
A: small, berserk 1, clever 1, nightstalker 3, screaming 1, subdued magic 1
a: Stomp, Line Pass, Renounce Religion


You were on level 2 of the Orcish Mines.
You worshipped Uskayaw.
Uskayaw was pleased with you.
You visited 4 branches of the dungeon, and saw 20 of its levels.
You also visited: Gauntlet.

You collected 1627 gold pieces.

Inventory:

Hand Weapons
 f - a +3 vampiric short sword
 g - a +4 rapier of draining (weapon)
 S - the +4 hand crossbow "Efugenok" {venom, rPois MR- Str+3}
   (You found it on level 6 of the Lair of Beasts)

   It poisons the ammo it fires.
   It affects your strength (+3).
   It protects you from poison.
   It affects your resistance to hostile enchantments.
Armour
 b - a +0 scale mail
 c - a +0 kite shield
 d - +2 steam dragon scales
 k - a scarf of harm
 n - the -3 pair of gloves of the Blind Marksman (worn) {rCorr Str+7}
   (You found it in a Gauntlet)

   It affects your strength (+7).
   It provides partial protection from all sources of acid and corrosion.
 r - a +2 chain mail (worn)
 y - a +0 buckler (worn)
 A - the +3 hat of Pondering {ponderous, MR+ MP+10 Int+5}
   (You found it on level 2 of the Orcish Mines)

   It affects your intelligence (+5).
   It affects your resistance to hostile enchantments.
   It affects your magic capacity (+10).
 F - a +1 pair of boots (worn)
 T - a +1 cloak of magic resistance
 U - a +1 cloak of stealth (worn)
Jewellery
 a - an uncursed ring of ice
 e - a +6 ring of intelligence
 t - an uncursed amulet of guardian spirit
 B - an uncursed amulet of reflection
 C - an uncursed ring of poison resistance
 D - an uncursed ring of resist corrosion
 E - an uncursed ring of see invisible {unknown}
 J - an uncursed ring of positive energy
 K - a +6 ring of intelligence
 M - a +6 ring of dexterity (left hand)
 O - an uncursed amulet of faith {unknown}
 P - an uncursed ring of stealth {unknown}
 Q - the amulet of Vitality (around neck) {Regen+ HP+15}
   (You found it on level 2 of the Lair of Beasts)

   [amulet of regeneration]

   It affects your health (+15).
   It increases your rate of regeneration.
 R - a ring of protection from magic (right hand)
Wands
 m - a wand of digging (15)
 s - a wand of flame (45)
 v - a wand of random effects (27)
 w - a wand of acid (15)
 z - a wand of enslavement (14)
 L - a wand of disintegration (8)
 N - a wand of iceblast (16)
 W - a wand of polymorph (9)
Scrolls
 h - 12 scrolls of remove curse
 q - a scroll of fog
 u - 5 scrolls of blinking
 x - 3 scrolls of teleportation
 G - 4 scrolls of fear
 V - a scroll of magic mapping
 Y - a scroll of amnesia
Potions
 i - 6 potions of flight
 j - 4 potions of attraction
 p - a potion of cancellation
 H - 2 potions of curing
 I - a potion of resistance
Miscellaneous
 o - a lightning rod (4/4)
 Z - a phantom mirror


   Skills:
 * Level 13.1(12.0) Fighting
 - Level 14.0(12.9) Short Blades
 - Level 5.5(4.6) Armour
 - Level 10.5(9.5) Dodging
 - Level 13.2(12.1) Stealth
 + Level 8.2(7.2) Shields
 * Level 15.0(13.9) Invocations
 * Level 4.5(3.7) Evocations


You had 15 spell levels left.
You didn't know any spells.
Your spell library contained the following spells:

 Spells                   Type           Power        Failure   Level
 Apportation              Tloc           #.....       87%         1
 Magic Dart               Conj           #...         87%         1
 Shock                    Conj/Air       #...         87%         1
 Blink                    Tloc           N/A          95%         2
 Call Imp                 Summ           #.......     95%         2
 Slow                     Hex            #.......     95%         2
 Swiftness                Air            #.......     95%         2
 Confusing Touch          Hex            #.......     99%         3
 Conjure Flame            Conj/Fire      #.......     99%         3
 Gell's Gravitas          Tloc           #.........   99%         3
 Lesser Beckoning         Tloc           #.........   99%         3
 Mephitic Cloud           Conj/Pois/Air  #.......     99%         3
 Static Discharge         Conj/Air       #.......     99%         3
 Tukima's Dance           Hex            #.......     99%         3
 Airstrike                Air            #.........   100%        4
 Petrify                  Tmut/Erth      #.......     100%        4
 Alistair's Intoxication  Tmut/Pois      #........    100%        5
 Bolt of Magma            Conj/Fire/Erth #.........   100%        5
 Iskenderun's Battlesphe  Conj           #.......     100%        5
 Lightning Bolt           Conj/Air       #.........   100%        5
 Metabolic Englaciation   Hex/Ice        #.........   100%        5
 Yara's Violent Unravell  Hex/Tmut       #.........   100%        5
 Invisibility             Hex            #.......     100%        6
 Iron Shot                Conj/Erth      #.........   100%        6
 Orb of Destruction       Conj           #.........   100%        7
 Spellforged Servitor     Conj/Summ      #.........   100%        7


Dungeon Overview and Level Annotations

Branches:
Dungeon (11/15)            Temple (1/1) D:4            Lair (6/6) D:11
  Swamp (0/4) Lair:3        Snake (0/4) Lair:4        Slime (0/5) Lair:5
    Orc (2/2) D:10            Elf (0/3) Orc:2       Gauntlet (visited)

Altars:
Ashenzari
Cheibriados
Dithmenos
Elyvilon
Fedhas
Gozag
Hepliaklqana
Kikubaaqudgha
Nemelex Xobeh
Okawaru
Qazlal
Ru
Sif Muna
Trog
Uskayaw
Vehumet
Wu Jian
Xom
Yredelemnul
Zin
The Shining One
Beogh
Jiyva

Shops:
D:4 :   D:9 *   Orc:2 *(}*?

Portals:
Pandemonium: Orc:2


Innate Abilities, Weirdness & Mutations

You are small and have problems with some larger weapons.
You are completely attuned to the shadows.
You tend to lose your temper in combat.
Your mind is acute. (Int +2)
You occasionally shout uncontrollably at your foes.
Your spells are a little easier to cast, but a little less powerful.


Message History

a +0 mace; a +0 ring mail; a torturous demonspawn corpse The sixfirhy hits you but does no damage.
The orc sorcerer casts a spell.
The orc sorcerer casts a spell at you.
The bolt of negative energy misses the chaos spawn.
The bolt of negative energy hits the sixfirhy.
The sixfirhy completely resists.
The bolt of negative energy hits you!
You feel drained.
* * * LOW HITPOINT WARNING * * *
The orc sorcerer is no longer sharing its pain.
You block the sixfirhy's attack. The sixfirhy hits you!
* * * LOW HITPOINT WARNING * * *
The sixfirhy shocks you!
* * * LOW HITPOINT WARNING * * *
Things that are here:
a +0 chain mail; a +0 war axe of electrocution The sixfirhy completely misses you.
The sixfirhy closely misses you.
The orc sorcerer gestures at you while chanting.
The bolt of fire hits you!
You die...

........## ##...#...###..##
.....#### ##...###...###..##
.......### ##...##.##.[.###..##
.........## ##...##...##........#
.....#....###...##..# ##[[.#....
.....###.###.#.##..### .##....#..
......#####......[##.∩ ..##[[...#
.....#####.....#)##∩.. ...##..#..
.#...#..# #..[[[@.##.∩#4.##.....#
........####.#[##.3###o.##...[#..
.........####.[.##[.#.)##..6#)...
..........####...##.o.##...6))).#
...........####.).##4##.))###))##
.............###..6###...###))##
..............###...#)..###..##
...............###.#.#.###..##
..............).###...###..##


You could see a sixfirhy (summoned, pain bonded), a chaos spawn (summoned) and
an orc sorcerer (drained).

Vanquished Creatures
  A stone giant (Orc:1)
  A minotaur (Gauntlet)
  Josephine (Lair:4)
  11 hydras
  2 catoblepae
  A two-headed ogre (D:8)
  8 death yaks (Lair:6)
  2 orc high priests (Orc:2)
  A death scarab (Gauntlet)
  A soul eater (Orc:2)
  A spectral death yak (Gauntlet)
  2 infernal demonspawn (Orc:2)
  4 orc knights (Orc:2)
  A torturous demonspawn (Orc:2)
  8 orc sorcerers (Orc:2)
  A cyclops (D:10)
  A lindwurm (Lair:6)
  An ugly thing (D:11)
  2 deep elf magi (Orc:2)
  15 elephants
  A centaur zombie (D:10)
  5 black mambas
  A rust devil (Orc:2)
  2 smoke demons
  36 cane toads
  Maggie (D:10)
  4 rime drakes
  6 komodo dragons
  A hellwing (Orc:2)
  A red devil (Orc:2)
  4 tyrant leeches (Lair:6)
  2 trolls
  2 hornets (Gauntlet)
  29 blink frogs
  6 wraiths
  A ynoxinul (Orc:2)
  39 yaks
  3 basilisks
  3 fire bats (Lair:4)
  6 vampire mosquitoes (Lair:6)
  2 chaos spawn (Orc:2)
  4 nagas (Lair:4)
  A warg (Orc:2)
  11 water moccasins
  6 phantoms
  A swamp drake (Orc:2)
  8 ice beasts
  26 orc warriors
  2 sky beasts
  3 centaurs
  35 wolves
  7 ogres
  Blork the orc (Orc:2)
  35 bullfrogs
  4 big kobolds
  A wyvern skeleton (D:9)
  A wyvern zombie (D:9)
  2 scorpions
  4 killer bees (D:8)
  4 wights (D:11)
  5 electric eels
  5 howler monkeys
  A crimson imp (Orc:2)
  A lava snake (Lair:4)
  A quasit (D:10)
  4 hounds
  A bullfrog zombie (D:10)
  A jelly (D:10)
  A bullfrog skeleton (D:10)
  20 orc priests
  An iron imp (Orc:2)
  15 orc wizards
  2 centaur skeletons
  6 iguanas
  5 hell rats (Lair:1)
  11 worker ants
  4 hound skeletons
  3 worker ant zombies
  5 gnolls
  26 adders
  2 shadow imps
  4 white imps
  4 ufetubi
  4 adder skeletons
  An adder zombie (D:5)
  2 worms
  6 dart slugs
  7 leopard geckos
  77 orcs
  4 giant cockroaches
  5 goblins
  10 hobgoblins
  9 jackals
  4 quokkas
  13 bats
  5 frilled lizards
  25 kobolds
  A leopard gecko skeleton (D:9)
  7 rats
684 creatures vanquished.

Vanquished Creatures (others)
  An orc (Orc:2)
  25 fungi
  133 plants
159 creatures vanquished.

Grand Total: 843 creatures vanquished

Notes
Turn   | Place    | Note
-------+----------+-------------------------------------------
     0 | D:1      | Kinoniko the Kobold Fighter began the quest for the Orb.
     0 | D:1      | Reached XP level 1. HP: 14/14 MP: 1/1
   166 | D:1      | Reached skill level 1 in Stealth
   171 | D:1      | Reached XP level 2. HP: 12/19 MP: 2/2
   668 | D:1      | Reached XP level 3. HP: 23/23 MP: 3/3
   996 | D:1      | Reached XP level 4. HP: 28/28 MP: 4/4
  1317 | D:2      | Reached skill level 5 in Short Blades
  1628 | D:2      | Reached XP level 5. HP: 20/32 MP: 5/5
  1778 | D:2      | Found a glowing silver altar of Zin.
  1778 | D:2      | Noticed an angel
  1975 | D:2      | Found an iron altar of Okawaru.
  2340 | D:3      | Reached XP level 6. HP: 34/37 MP: 6/6
  2564 | D:3      | Found a bloodstained altar of Trog.
  2809 | D:3      | You fall into a shaft and drop 1 floor!
  2916 | D:4      | Found Ulubaeh's Book Emporium.
  3089 | D:4      | Found a staircase to the Ecumenical Temple.
  3130 | D:4      | Noticed an ogre
  3135 | D:4      | Noticed an ogre
  3152 | Temple   | Entered the Ecumenical Temple
  3168 | Temple   | Reached skill level 5 in Stealth
  3480 | D:4      | Killed an ogre
  3481 | D:4      | Reached XP level 7. HP: 23/41 MP: 3/7
  3649 | D:4      | Found a shimmering blue altar of Sif Muna.
  3905 | D:4      | Found a shimmering altar of Xom.
  3978 | D:4      | Found a hazy altar of Hepliaklqana.
  4171 | D:5      | Entered Level 5 of the Dungeon
  4198 | D:5      | Found a sacrificial altar of Ru.
  4527 | D:5      | Reached XP level 8. HP: 46/46 MP: 8/8
  5408 | D:6      | Reached skill level 10 in Short Blades
  5957 | D:6      | Reached XP level 9. HP: 50/51 MP: 7/9
  6220 | D:6      | Found a shadowy altar of Dithmenos.
  6222 | D:6      | Found a hide-covered altar of Uskayaw.
  6300 | D:6      | Became a worshipper of Uskayaw the Reveller
  6388 | D:6      | Reached * piety under Uskayaw
  6444 | D:6      | Reached ** piety under Uskayaw
  6501 | D:7      | Reached skill level 1 in Invocations
  7003 | D:7      | Reached skill level 2 in Invocations
  7126 | D:7      | Found a shimmering blue altar of Sif Muna.
  7139 | D:7      | Reached *** piety under Uskayaw
  7144 | D:7      | Reached **** piety under Uskayaw
  7154 | D:7      | Reached ***** piety under Uskayaw
  7268 | D:7      | Reached skill level 3 in Invocations
  7597 | D:7      | Found a blossoming altar of Fedhas.
  8235 | D:8      | Reached skill level 10 in Stealth
  8235 | D:8      | Reached skill level 4 in Invocations
  8235 | D:8      | Reached XP level 10. HP: 33/56 MP: 7/13
  8405 | D:8      | Noticed a two-headed ogre
  8413 | D:8      | Killed a two-headed ogre
  8414 | D:8      | Reached skill level 5 in Invocations
  8782 | D:8      | Found a white marble altar of Elyvilon.
  8788 | D:8      | Found a sparkling altar of Nemelex Xobeh.
  8788 | D:8      | Found an opulent altar of Gozag.
  9702 | D:9      | Found Hyajeoh's General Store.
  9716 | D:9      | Reached skill level 6 in Invocations
 10793 | D:10     | Entered Level 10 of the Dungeon
 10795 | D:10     | Noticed a cyclops
 10802 | D:10     | Killed a cyclops
 10803 | D:10     | Reached skill level 5 in Fighting
 10803 | D:10     | Reached skill level 1 in Dodging
 10804 | D:10     | Reached XP level 11. HP: 48/64 MP: 11/16
 10952 | D:10     | Reached skill level 7 in Invocations
 10998 | D:10     | Reached ****** piety under Uskayaw
 11130 | D:10     | Found a roughly hewn altar of Beogh.
 11642 | D:10     | Found a staircase to the Orcish Mines.
 11835 | D:10     | Noticed Maggie
 11848 | D:10     | Killed Maggie
 12040 | D:10     | Reached skill level 8 in Invocations
 12354 | D:11     | Noticed a seven-headed hydra
 12632 | D:11     | Noticed a green ugly thing
 12634 | D:11     | Killed a green ugly thing
 13193 | D:11     | Found a staircase to the Lair.
 13241 | D:11     | Reached XP level 12. HP: 66/72 MP: 15/18
 13454 | Lair:1   | Entered Level 1 of the Lair of Beasts
 13497 | Lair:1   | Reached skill level 9 in Invocations
 13984 | Lair:1   | Reached skill level 5 in Dodging
 14403 | Lair:1   | You fall into a shaft and drop 1 floor!
 14457 | Lair:2   | Noticed an eight-headed hydra
 14469 | Lair:2   | Killed an eight-headed hydra
 16054 | Lair:2   | Reached skill level 10 in Invocations
 16132 | Lair:2   | Found the amulet of Vitality {Regen+ HP+15}
 16336 | Lair:2   | Reached XP level 13. HP: 67/80 MP: 16/20
 16672 | Lair:3   | Noticed a seven-headed hydra
 16683 | Lair:3   | Killed a seven-headed hydra
 17018 | Lair:3   | Found a staircase to the Swamp.
 17247 | Lair:3   | Reached skill level 5 in Armour
 17446 | Lair:3   | Reached skill level 5 in Shields
 17581 | Lair:3   | Reached skill level 10 in Fighting
 17935 | Lair:4   | Noticed Josephine
 18105 | Lair:4   | Killed Josephine
 18106 | Lair:4   | Reached skill level 11 in Invocations
 18742 | Lair:4   | Found a staircase to the Snake Pit.
 19226 | Lair:4   | Got a transparent war axe
 19228 | Lair:4   | Identified the +7 war axe of the Smoking Puffin {freeze,
                  | rC- Str+3 Int+6 Dex+2} (You found it on level 4 of the Lair
                  | of Beasts)
 19320 | Lair:5   | Noticed a five-headed hydra
 19330 | Lair:5   | Killed a five-headed hydra
 19521 | Lair:5   | Found a staircase to the Slime Pits.
 19522 | Lair:5   | Found a viscous altar of Jiyva.
 19741 | Lair:5   | Reached XP level 14. HP: 88/88 MP: 22/22
 19819 | Lair:5   | You fall into a shaft and drop 1 floor!
 19819 | Lair:6   | Entered Level 6 of the Lair of Beasts
 19875 | Lair:6   | Reached skill level 12 in Invocations
 20051 | Lair:6   | Found a gate leading to a gauntlet.
 20057 | Gauntlet | Entered a Gauntlet
 20057 | Gauntlet | Found a transporter.
 20090 | Gauntlet | Found a runed translucent door.
 20098 | Gauntlet | Found a transporter.
 20122 | Gauntlet | Found a transporter.
 20133 | Gauntlet | Found a transporter.
 20149 | Gauntlet | Found a transporter.
 20156 | Gauntlet | Found a transporter.
 20184 | Gauntlet | Found a transporter.
 20195 | Gauntlet | Found a runed translucent door.
 20209 | Gauntlet | Found a transporter.
 20253 | Gauntlet | Found a runed translucent gate.
 20262 | Gauntlet | Found a transporter.
 20272 | Gauntlet | Found a transporter.
 20283 | Gauntlet | Found a transporter.
 20297 | Gauntlet | Found a runed translucent gate.
 20298 | Gauntlet | Found a runed translucent gate.
 20335 | Gauntlet | Found a transporter.
 20547 | Gauntlet | Found a transporter.
 20734 | Gauntlet | Gained mutation: You tend to lose your temper in combat.
                  | [potion of mutation]
 20734 | Gauntlet | Gained mutation: You occasionally shout uncontrollably at
                  | your foes. [potion of mutation]
 20734 | Gauntlet | Gained mutation: Your spells are a little easier to cast,
                  | but a little less powerful. [potion of mutation]
 20734 | Gauntlet | Gained mutation: Your mind is acute. (Int +2) [potion of
                  | mutation]
 20746 | Gauntlet | Got a pair of fading gloves
 20749 | Gauntlet | Got a masterwork quarterstaff
 20799 | Gauntlet | Identified the cursed -3 pair of gloves of the Blind
                  | Marksman {rCorr Str+7} (You found it in a Gauntlet)
 20812 | Gauntlet | Identified the +7 glaive of Doom {antimagic, rN+}
 20812 | Gauntlet | Noticed a minotaur
 20826 | Gauntlet | Killed a minotaur
 20827 | Gauntlet | Reached skill level 13 in Invocations
 21938 | Lair:6   | Reached XP level 15. HP: 94/96 MP: 25/25
 22209 | Lair:6   | Reached skill level 10 in Dodging
 22220 | Lair:6   | Reached skill level 14 in Invocations
 23463 | Lair:6   | Got a jewelled hand crossbow
 23504 | Lair:6   | Identified the +4 hand crossbow "Efugenok" {venom, rPois
                  | MR- Str+3} (You found it on level 6 of the Lair of Beasts)
 23510 | Lair:6   | Identified the cursed +1 quarterstaff of Taxation {elec,
                  | Fragile Str+7 Stlth+} (You found it in a Gauntlet)
 23714 | Orc:1    | Entered Level 1 of the Orcish Mines
 23780 | Orc:1    | Noticed a stone giant
 23795 | Orc:1    | Killed a stone giant
 23796 | Orc:1    | Reached skill level 1 in Evocations
 23862 | Orc:1    | Found a roughly hewn altar of Beogh.
 23959 | Orc:2    | Entered Level 2 of the Orcish Mines
 24328 | Orc:2    | Noticed Blork the orc
 24332 | Orc:2    | Killed Blork the orc
 24423 | Orc:2    | Found the +3 hat of Pondering {ponderous, MR+ MP+10 Int+5}
 24507 | Orc:2    | Found Qipiag's Mayhem Merchandise.
 25192 | Orc:2    | Found Hyso's Magic Scroll Boutique.
 25194 | Orc:2    | Found Caaqik's General Store.
 25602 | Orc:2    | Reached XP level 16. HP: 103/103 MP: 27/27
 25611 | Orc:2    | Reached skill level 15 in Invocations
 25620 | Orc:2    | Found Ratoede's Gadget Shoppe.
 25620 | Orc:2    | Found a one-way gate leading to the halls of Pandemonium.
 25620 | Orc:2    | Found Isunyuce's Antique Weapon Emporium.
 26474 | Orc:2    | Found a staircase to the Elven Halls.
 26548 | Orc:2    | HP: 3/119 [sixfirhy[an orc sorcerer] (11)]
 26550 | Orc:2    | Killed from afar by an orc sorcerer

Illustrated notes

Levels and vault maps discovered:
D:1:      psy_arrival_whirlpool, layout_loops_cross, dk_noncrumbling_3,
          minmay_pentomino_v2
D:2:      layout_basic, zin_angel, general_overflow_altar,
          chequers_decorated_corner
D:3:      layout_loops_ring, lightli_temple_of_fire, lemuel_doored_altar,
          wad_floor_pattern_2
D:4:      layout_loops_ring, kennysheep_mini, nicolae_overflow_crystal_walls,
          marbit_many_paths, temple_fountains, serial_shops, shop,
          gup_sewer_entry_glass, kennysheep_pointless_box
D:5:      layout_cave_pods, old_standard_altar, kennysheep_generic_room_7
D:6:      layout_loops_ring, chequers_temple_overflow_statue_of_worship
D:7:      layout_basic, basic_altar, serial_glass, glass_columns_a,
          glass_columns_b, fedhas_altar_decomposition
D:8:      layout_basic, grunt_temple_overflow_open, interstate_on_off
D:9:      layout_basic, serial_shops, shop, lemuel_statue_altar
D:10:     layout_roguey, david_orc_5, uniq_maggie
D:11:     layout_irregular_city, david_lair_shrubbed,
          onia_ninara_dug_in_and_dangerous
Temple:   jpeg_temple_island
Lair:1:   layout_layer_cave
Lair:2:   layout_cave_pods, st_stairs_8
Lair:3:   layout_regular_city, swamp_mist_pool, grunt_megastairs_3,
          infiniplex_staircase_pool
Lair:4:   layout_gridlike, minmay_snake_entry_guardpost_medium, minivault_24,
          uniq_josephine
Lair:5:   layout_roguey, slime_altar_1, grunt_megastairs_5
Lair:6:   minmay_lair_end_frog_pond, layout_cellular_growth,
          gauntlet_entry_generic
Orc:1:    layout_caves, basic_altar
Orc:2:    pf_orc_diabolical, layout_diamond_mine, ebering_ghost_rock_garden,
          nicolae_orc_lava_tube, minmay_shop_mayhem, hangedman_minor_magic

Skill      XL: |  1  2  3  4  5  6  7  8  9 10 11 12 13 14 15 16 |
---------------+-------------------------------------------------+-----
Short Blades   | 3 4 5 6 7 9 11 13 14 | 14.0
Stealth        | 1 2 3 4 5 6 8 10 11 12 13 | 13.2
Invocations    | 4 6 8 10 11 13 14 15 | 15.0
Fighting       | 5 7 9 10 11 12 13 | 13.1
Dodging        | 1 4 5 7 9 10 | 10.5
Armour         | 3 4 5 |  5.5
Shields        | 3 4 5 7 8 |  8.2
Evocations     | 3 4 |  4.5

Action                   |  1- 3 |  4- 6 |  7- 9 | 10-12 | 13-15 | 16-18 || total
-------------------------+-------+-------+-------+-------+-------+-------++-------
Melee: Rapier            |    32 |       |   328 |   647 |  1182 |    71 ||  2260
       Short sword       |    61 |   248 |    10 |    19 |       |       ||   338
  Use: Scroll            |       |    11 |    11 |     3 |     9 |       ||    34
       Potion            |       |     1 |     1 |    17 |    13 |     1 ||    33
 Stab: Sleeping          |     5 |     7 |     5 |    31 |    20 |       ||    68
       Paralysed         |       |       |     3 |    46 |    87 |     7 ||   143
       Distracted        |       |       |       |     3 |     5 |       ||     8
       Invisible         |       |       |       |     2 |     3 |       ||     5
Armor: Scale mail        |    26 |    50 |       |       |       |       ||    76
       Chain mail        |       |    50 |   138 |   167 |   261 |     7 ||   623
       Skin              |       |       |       |       |    15 |       ||    15
Dodge: Dodged            |    44 |   122 |    81 |   171 |   567 |    24 ||  1009
Block: Buckler           |       |       |       |    52 |   307 |    12 ||   371

Table legend: (Time is in decaauts)
 A = Elapsed time spent in this place.
 B = Non-inter-level travel time spent in this place.
 C = Inter-level travel time spent in this place.
 D = Time resting spent in this place.
 E = Time spent auto-exploring this place.
 F = Levels seen in this place.
 G = Mean time per level.
                   A        B        C        D        E       F      G
               +--------+--------+--------+--------+--------+-----+--------+
         Total |  25639 |  24949 |    690 |   4316 |  16735 |  21 | 1220.9 |
       Dungeon |  12815 |  12499 |    316 |   1642 |   9071 |  11 | 1165.0 |
        Temple |    366 |    366 |      0 |      0 |    312 |   1 |  366.0 |
          Lair |   8904 |   8549 |    355 |   1553 |   5863 |   6 | 1484.0 |
  Orcish Mines |   2659 |   2642 |     17 |    901 |   1103 |   2 | 1329.5 |
      Gauntlet |    894 |    894 |      0 |    220 |    385 |   1 |  894.0 |
               +--------+--------+--------+--------+--------+-----+--------+

Top non-repeatable levels by time:
   Orc:2: 2265 daAuts
  Lair:6: 1891 daAuts
  Lair:1: 1806 daAuts
  Lair:3: 1700 daAuts
     D:9: 1533 daAuts
    D:10: 1387 daAuts
     D:7: 1373 daAuts
     D:8: 1327 daAuts
  Lair:2: 1301 daAuts
  Lair:5: 1282 daAuts
     D:1: 1215 daAuts
    D:11: 1180 daAuts
     D:6: 1129 daAuts
     D:5: 1091 daAuts
     D:4: 1022 daAuts
